 Dungeon Crawl Stone Soup version 0.20-a0-709-gd40821f (webtiles) character file.

154 Goblin1989 the Covert (level 5, -15/25 HPs)
             Began as a Spriggan Assassin on Feb 21, 2017.
             Demolished by an ogre
             ... wielding a +0 giant club
              (16 damage)
             ... on level 8 of the Dungeon.
             The game lasted 00:18:47 (3298 turns).

Goblin1989 the Covert (Spriggan Assassin)           Turns: 3298, Time: 00:18:47

Health: -15/25     AC:  3    Str:  7      XL:     5   Next: 13%
Magic:  6/6        EV: 17    Int: 10 (12) God:
Gold:   224        SH:  0    Dex: 18 (19) Spells: 4/4 levels left

rFire    . . .     SeeInvis +   a - +2 dagger
rCold    . . .     Gourm    .   c - +0 robe
rNeg     . . .     Faith    .   (shield restricted)
rPois    .         Spirit   .   (helmet restricted)
rElec    .         Reflect  .   d - +0 cloak
rCorr    .         Harm     .   (gloves unavailable)
MR       .....                  (boots unavailable)
Stlth    +++++.....             (no amulet)
Regen    0.1/turn               (no ring)
MPRegen  0.1/turn               (no ring)

@: very quick
A: unfitting armour, see invisible, herbivore 3, speed 3, slow metabolism 2
a: no special abilities


You were on level 8 of the Dungeon.
You were not hungry.

You visited 1 branch of the dungeon, and saw 8 of its levels.

You collected 224 gold pieces.

Inventory:

Hand Weapons
 a - a +2 dagger (weapon)
 i - a +0 whip
 n - a cursed -3 dagger
 q - a +4 mace
 r - a +0 hand axe
 w - a +0 blowgun {@w1}
 x - a +0 hand axe
 y - a +0 flail
 A - a cursed +0 mace
 B - a +0 hand axe
 C - a cursed -2 spear
 D - a +0 falchion
 E - a +0 war axe
 I - a +0 club
 J - a +0 hand axe
 O - a +0 club
Missiles
 t - 15 bolts
 P - 67 arrows
 X - 9 sling bullets
Armour
 c - a +0 robe (worn)
 d - a +0 cloak (worn)
 m - a +0 robe
 p - a +0 robe
 s - a +0 leather armour
 u - a +0 leather armour
 v - a +0 robe
 F - a +0 leather armour
 K - a +0 scale mail
 L - a cursed +0 robe
 R - a +0 pair of boots
 V - a +0 leather armour
 W - a +0 plate armour
 Y - a +0 chain mail
 Z - a +0 leather armour
Scrolls
 b - 2 scrolls of blinking {unknown}
 f - 3 scrolls of enchant armour {unknown}
 h - 2 scrolls of immolation {unknown}
 k - a scroll of remove curse {unknown}
 l - 6 scrolls of identify {unknown}
 o - a scroll of random uselessness {unknown}
 z - a scroll of amnesia {unknown}
 Q - 2 scrolls of enchant weapon {unknown}
 T - 3 scrolls of teleportation {!r, @r3}
Potions
 H - a potion of haste
 S - a potion of curing {unknown}
 U - a potion of agility
Books
 G - a book of Conjurations

   Spells                             Type                      Level
   a - Magic Dart                     Conjuration                  1
   b - Searing Ray                    Conjuration                  2
   c - Dazzling Spray                 Conjuration/Hexes            3
   d - Fulminant Prism                Conjuration/Hexes            4
   e - Force Lance                    Conjuration/Translocation    4
   f - Iskenderun's Mystic Blast      Conjuration                  4
Comestibles
 e - a bread ration {@e1}
 M - a meat ration {@e2}
 N - a royal jelly


   Skills:
 - Level 1.5 Fighting
 - Level 2.1 Short Blades
 - Level 2.0 Throwing
 - Level 1.5 Dodging
 + Level 9.8 Stealth


You had 4 spell levels left.
You didn't know any spells.

Dungeon Overview and Level Annotations

Branches:
Dungeon (8/15)
 Temple: D:4-7         Lair: D:8-11

Altars:
Nemelex Xobeh
Okawaru

Annotations:
D:3 1 runed door
D:5 Syneil's ghost, novice KoAs
D:7 Ijustatesigmund's ghost, novice DEWz


Innate Abilities, Weirdness & Mutations

You are very small and have problems with some larger weapons.
You are too small for most types of armour.
You have supernaturally acute eyesight. (SInv)
You are a herbivore.
You cover ground extremely quickly.
You need consume almost no food.


Message History

You feel your strength returning.
You have reached level 5!
You feel agile.
The hound barks!
You regained 3 hp, and now have 22/25 hp.
MP restored: 6 You see here a club.
Found a stone staircase leading down.
There is a stone staircase leading down here.
Health restored: 25
f - 3 scrolls labeled RAGONKIRHU (gained 1)
There is a stone staircase leading down here.
You climb downwards.
There is a stone staircase leading up here.
An ogre comes into view. It is wielding a giant club.
Wield which item (- for none, * to show all)? (? for menu, Esc to quit)
w - a +0 blowgun (weapon)
{@w1} Firing (i - inventory. (,) - cycle):
g - 7 poisoned needles (quivered)
Press: ? - help, Shift-Dir - straight line, f - ogre
Aim: an ogre, wielding a giant club (resting)
You shoot a poisoned needle. The poisoned needle hits the ogre.
Firing (i - inventory. (,) - cycle):
g - 6 poisoned needles (quivered)
Press: ? - help, Shift-Dir - straight line, f/p - ogre
Aim: an ogre, wielding a giant club You shoot a poisoned needle.
The poisoned needle hits the ogre.
The ogre is poisoned.
Firing (i - inventory. (,) - cycle):
g - 5 poisoned needles (quivered)
Press: ? - help, Shift-Dir - straight line, f/p - ogre
Aim: an ogre, wielding a giant club (poisoned)
You shoot a poisoned needle.
The poisoned needle barely misses the ogre.
Firing (i - inventory. (,) - cycle):
g - 4 poisoned needles (quivered)
Press: ? - help, Shift-Dir - straight line, f/p - ogre
Aim: an ogre, wielding a giant club (lightly wounded, poisoned)
You shoot a poisoned needle. The poisoned needle hits the ogre.
The ogre is lightly wounded.
Firing (i - inventory. (,) - cycle):
g - 3 poisoned needles (quivered)
Press: ? - help, Shift-Dir - straight line, f/p - ogre
Aim: an ogre, wielding a giant club (lightly wounded, poisoned)
You shoot a poisoned needle. The poisoned needle hits the ogre.
The ogre looks even sicker.
The ogre is lightly wounded.
Firing (i - inventory. (,) - cycle):
g - 2 poisoned needles (quivered)
Press: ? - help, Shift-Dir - straight line, f/p - ogre
Aim: an ogre, wielding a giant club (lightly wounded, poisoned)
You shoot a poisoned needle. The poisoned needle hits the ogre.
The ogre looks even sicker.
The ogre is lightly wounded.
Firing (i - inventory. (,) - cycle):
g - a poisoned needle (quivered)
Press: ? - help, Shift-Dir - straight line, f/p - ogre
Aim: an ogre, wielding a giant club (heavily wounded, poisoned)
You shoot a poisoned needle. The poisoned needle hits the ogre.
The ogre looks even sicker.
The ogre is heavily wounded.
There is a stone staircase leading up here.
a - a +2 dagger (weapon)
Throwing (i - inventory):
j - 7 stones (quivered)
Press: ? - help, Shift-Dir - straight line, f/p - ogre
Aim: an ogre, wielding a giant club (heavily wounded, poisoned)
You throw a stone. The stone hits the ogre.
The ogre is heavily wounded.
Throwing (i - inventory):
j - 6 stones (quivered)
Press: ? - help, Shift-Dir - straight line, f/p - ogre
Aim: an ogre, wielding a giant club (severely wounded, poisoned)
You throw a stone. The stone barely misses the ogre.
Throwing (i - inventory):
j - 5 stones (quivered)
Press: ? - help, Shift-Dir - straight line, f/p - ogre
Aim: an ogre, wielding a giant club (severely wounded, poisoned)
You throw a stone. The stone hits the ogre.
The ogre is severely wounded.
The ogre hits you with a giant club!!
Ouch! That really hurt!
* * * LOW HITPOINT WARNING * * *
You take 24 damage, and have 1/25 hp.
O_OOPS!!
MASSIVE DAMAGE!!
Throwing (i - inventory):
j - 4 stones (quivered)
Press: ? - help, Shift-Dir - straight line, f/p - ogre
Aim: an ogre, wielding a giant club (severely wounded, poisoned)
You throw a stone. The stone barely misses the ogre.
Throwing (i - inventory):
j - 3 stones (quivered)
Press: ? - help, Shift-Dir - straight line, f/p - ogre
Aim: an ogre, wielding a giant club (severely wounded, poisoned)
You throw a stone.
The stone hits the ogre but does no damage.
The ogre is severely wounded.
The ogre closely misses you.
Throwing (i - inventory):
j - 2 stones (quivered)
Press: ? - help, Shift-Dir - straight line, f/p - ogre
Aim: an ogre, wielding a giant club (severely wounded, poisoned)
You throw a stone.
The stone hits the ogre but does no damage.
The ogre is severely wounded.
The ogre misses you.
Throwing (i - inventory):
j - a stone (quivered)
Press: ? - help, Shift-Dir - straight line, f/p - ogre
Aim: an ogre, wielding a giant club (severely wounded, poisoned)
You throw a stone. The stone hits the ogre.
The ogre is almost dead.
The ogre hits you with a giant club!
Ouch! That really hurt!
You die... ██████████.█ █...(((.((.█ █.████████.█ █O█ █@█ █.█ █O█

█.█ █.█
█.█████.█
█..O...(█


█████████ You could see an ogre.

Vanquished Creatures
  A hound (D:6)
  2 orc wizards (D:7)
  A worker ant (D:7)
  An adder (D:3)
  A worm (D:2)
  2 dart slugs
  An orc (D:3)
  4 giant cockroaches
  2 hobgoblins
  3 frilled lizards
  6 goblins
  3 kobolds
  6 rats
33 creatures vanquished.

Notes
Turn   | Place    | Note
-------+----------+-------------------------------------------
     0 | D:1      | Goblin1989 the Spriggan Assassin began the quest for the Orb.
     0 | D:1      | Reached XP level 1. HP: 10/10 MP: 2/2
     3 | D:1      | Noticed an electric eel
    40 | D:1      | Reached skill level 6 in Stealth
   466 | D:1      | Reached XP level 2. HP: 9/14 MP: 3/3
  1053 | D:2      | Reached skill level 7 in Stealth
  1092 | D:2      | Found an iron altar of Okawaru.
  1516 | D:3      | Reached XP level 3. HP: 18/18 MP: 4/4
  1597 | D:3      | Found a runed door.
  1755 | D:4      | Noticed a scorpion
  1759 | D:4      | Noticed an ogre
  1779 | D:5      | Entered Level 5 of the Dungeon
  1903 | D:5      | Noticed Syneil's ghost (novice KoAs)
  1992 | D:5      | Noticed an ice beast
  2000 | D:5      | Noticed an ice beast
  2006 | D:5      | Noticed a sky beast
  2424 | D:7      | Noticed a hippogriff
  2450 | D:5      | Noticed an ice beast
  2486 | D:6      | Reached skill level 8 in Stealth
  2486 | D:6      | Reached XP level 4. HP: 6/22 MP: 5/5
  2728 | D:7      | Noticed an orc warrior
  2729 | D:7      | Reached skill level 9 in Stealth
  2798 | D:7      | Noticed an ice beast
  2945 | D:6      | You fall through a shaft!
  3133 | D:7      | Found a sparkling altar of Nemelex Xobeh.
  3148 | D:7      | Noticed Ijustatesigmund's ghost (novice DEWz)
  3183 | D:7      | Noticed an orc warrior
  3185 | D:7      | Reached XP level 5. HP: 22/25 MP: 6/6
  3260 | D:8      | Noticed an ogre
  3294 | D:8      | HP: 1/25 [ogre/giant club (24)]
  3298 | D:8      | Demolished by an ogre

Vault maps used:
D:1:      arrival_aquarium_a
D:2:      okawaru_ov_weapons_minmay, uniq_iyjb
D:3:      tso_oasis_becter, portal_sewer_entry_e, uniq_crazy_yiuf_cottage
D:4:      cheibriados_altar_1, minmay_temple_entry_trees, first_bread,
          minmay_misc_feat_diagonals
D:5:      kennysheep_mini
D:6:      hangedman_abyss_or_decor_stagger
D:7:      nemelex_xobeh_ov_fountains_minmay, grunt_temple_overflow_open,
          uniq_duvessa
D:8:      lair_entry_dummy, hangedman_feature_mirror

Skill      XL: |  1  2  3  4 |
---------------+-------------+-----
Stealth        | 6 7 8 9 |  9.8
Fighting       | |  1.5
Short Blades   | |  2.1
Throwing       | |  2.0
Dodging        | |  1.5

Action                   |  1- 3 |  4- 6 || total
-------------------------+-------+-------++-------
Melee: Dagger            |    84 |     5 ||    89
 Fire: Blowgun           |    14 |     7 ||    21
Throw: Stone             |       |     7 ||     7
  Use: Scroll            |     2 |       ||     2
       Potion            |       |     5 ||     5
 Stab: Sleeping          |    13 |     4 ||    17
Armor: Robe              |     7 |       ||     7
Dodge: Dodged            |    59 |     3 ||    62

Vault maps used:
D:1:      arrival_aquarium_a
D:2:      okawaru_ov_weapons_minmay, uniq_iyjb
D:3:      tso_oasis_becter, portal_sewer_entry_e, uniq_crazy_yiuf_cottage
D:4:      cheibriados_altar_1, minmay_temple_entry_trees, first_bread,
          minmay_misc_feat_diagonals
D:5:      kennysheep_mini
D:6:      hangedman_abyss_or_decor_stagger
D:7:      nemelex_xobeh_ov_fountains_minmay, grunt_temple_overflow_open,
          uniq_duvessa
D:8:      lair_entry_dummy, hangedman_feature_mirror
